Unix NetHack Version 5.0.0-0 post-release - last build May 10 2026 23:12:36 (d1fa5d53e341ca933230fdaa984d921c805b60aa,branch:main).

Game began 2026-05-11 04:07:39, ended 2026-05-11 17:07:18.

IanCurtis, chaotic male elven Wizard

                                          -..|
                                         |...------
                                        --.....|..----   -----
                                        ..`@....f....|----...--
                                        ...---..---..--.|......|
                                         ..  ------....[)......|
                                               --<)......*.)..--
                                               |..-[--.(.).)[-|
                                               |..#  --...)...--
                                               |..|   |....`.)...
                                               #---  --..........
                                              ..     -.^........
                                                    ....... ...
                                                     .....

IanCurtis the Conjurer    St:9 Dx:14 Co:13 In:18 Wi:13 Ch:10  Chaotic
Dlvl:4  $:35 HP:0(27) Pw:9(54) AC:8  Xp:5 T:2288 

Latest messages:
 The spell misses the dwarf.
 The dwarf throws a dagger!
 You catch the dagger! C - a dagger.
 In what direction? k
 The spell misses the dwarf.
 In what direction? k
 The spell misses the dwarf.
 The dwarf wields an axe!
 The dwarf throws a dart!
 You are hit by a dart.
 You hear an E note squeak in the distance.
 You see here a partly eaten pony corpse.
 You hear crashing rock.
 The dwarf picks up a hooded cloak.
 You descend the stairs.
 There is a staircase up to level 3 here.
 You see here 35 gold pieces.
 $ - 35 gold pieces.
 You are in full health.
 You stop searching.
 Please move the cursor to a monster, object or location.
 (For instructions type a '?')
 You miss the coyote.
 The coyote bites!
 You kill the coyote!
 You miss the coyote.
 The coyote bites!
 You kill the coyote!
 You kill the coyote!
 You have a little trouble lifting a coyote corpse.  Continue? [ynq] (q) y
 You have a little trouble lifting D - a coyote corpse.
 You have trouble lifting a coyote corpse.  Continue? [ynq] (q) y
 You have trouble lifting E - a coyote corpse.
 You rebalance your load.  Movement is difficult.
 What do you want to drop? [$a-zA-E or ?*] D
 You drop a coyote corpse.
 Your movements are only slowed slightly by your load.
 What do you want to drop? [$a-zA-CE or ?*] E
 You drop a coyote corpse.
 Your movements are now unencumbered.
 The coyote bites!
 You hit the coyote!
 The coyote bites!
 The coyote bites!
 You kill the coyote!
 Your kitten eats a coyote corpse.
 Click!  You trigger a rolling boulder trap!
 You are hit by a boulder!
 You die...
 Do you want your possessions identified? [ynq] (y) q

Inventory:
 Coins    ('$')
  $ - 35 gold pieces
 Weapons  (')')
  w - a +1 dart
  C - a +0 dagger
  a - a blessed +1 quarterstaff (weapon in hands)
 Armor    ('[')
  q - an uncursed +0 orcish helm (being worn)
  b - an uncursed +0 cloak of magic resistance (being worn)
 Comestibles  ('%')
  t - 2 uncursed food rations
  o - an uncursed lembas wafer
  x - an uncursed pancake
 Scrolls  ('?')
  B - an uncursed scroll of blank paper
  j - 2 uncursed scrolls of confuse monster
  i - 2 uncursed scrolls of enchant weapon
  s - an uncursed scroll of identify
 Spellbooks  ('+')
  l - an uncursed spellbook of confuse monster
  k - a blessed spellbook of force bolt
  p - an uncursed spellbook of healing
  u - an uncursed spellbook of slow monster
  y - an uncursed spellbook of wizard lock
 Potions  ('!')
  h - an uncursed potion of gain energy
  g - an uncursed potion of healing
  f - an uncursed potion of oil
 Rings    ('=')
  d - an uncursed ring of cold resistance
  v - an uncursed ring of conflict named conflict
  e - an uncursed ring of sustain ability
 Wands    ('/')
  z - a wand of light (0:13)
  c - a wand of teleportation (0:8)
 Tools    ('(')
  r - a bag of tricks (0:12)
  n - an uncursed tooled horn
  A - a blessed brass lantern (lit)
  m - a magic marker (0:21)

IanCurtis the Wizard's attributes:

Background:
 You were a Conjurer, a level 5 male elven Wizard.
 You were chaotic, nominally on a mission for Anhur
 who was opposed by Ptah (lawful) and Thoth (neutral).
 You were left-handed.
 You were in the Gnomish Mines, on level 4.
 You entered the dungeon 2288 turns ago.
 You had 317 experience points, 3 more were needed to attain level 6.

Basics:
 You had 0 out of 27 hit points.
 You had 9 out of 54 energy points (spell power).
 Your armor class was 8.
 Your wallet contained 35 zorkmids.
 Autopickup was off.

Final Characteristics:
 Your strength was 9 (limit:18).
 Your dexterity was 14 (limit:18).
 Your constitution was 13 (limit:16).
 Your intelligence was 18 (limit:20).
 Your wisdom was 13 (limit:20).
 Your charisma was 10 (limit:18).

Final Status:
 You weren't hungry.
 You were unencumbered.
 You were wielding a quarterstaff.
 You had basic skill with quarterstaff.

Final Attributes:
 You were piously aligned.
 You were magic-protected.
 You were sleep resistant.
 You had infravision.
 You were warded.
 You are dead.

Miscellaneous:
 You didn't encounter any bones levels.
 Total elapsed playing time was 24 minutes and 1 second.

Major events:
 Turn
    1: IanCurtis the chaotic male elven Wizard entered the dungeon
  813: entered the Gnomish Mines
  821: attained the rank of Conjurer (level 3)
 2288: killed by a boulder

Spells:
 Name                 Level Category     Fail Retention
 force bolt             1   attack         0%   81%-90%
 confuse monster        1   enchantment    0%   81%-90%
 healing                1   healing        0%  76%-100%
 slow monster           2   enchantment    0%  91%-100%
 wizard lock            2   matter        57%  76%-100%

Skills:
 Fighting Skills
   bare handed combat [Unskilled]
   riding             [Unskilled]
 Weapon Skills
   dagger             [Unskilled]
   knife              [Unskilled]
   axe                [Unskilled]
   short sword        [Unskilled]
   club               [Unskilled]
   mace               [Unskilled]
   quarterstaff       [Basic]
   polearms           [Unskilled]
   spear              [Unskilled]
   trident            [Unskilled]
   sling              [Unskilled]
   dart               [Unskilled]
   shuriken           [Unskilled]
 Spellcasting Skills
   attack spells      [Basic]
   healing spells     [Unskilled]
   divination spells  [Unskilled]
   enchantment spells [Basic]
   clerical spells    [Unskilled]
   escape spells      [Unskilled]
   matter spells      [Unskilled]

Voluntary challenges:
 Character rerolling was not enabled.
 You were an atheist.
 You never genocided any monsters.
 You never polymorphed an object.
 You never changed form.
 You used no wishes.
Achievements:
 You entered a shop.
 You entered the Gnomish Mines.
 You attained the rank of Conjurer.

 The Dungeons of Doom: levels 1 to 3
    Level 1: "vault"
       A grave.
    Level 2:
       A ring shop, some fountains.
       Stairs down to The Gnomish Mines.
    Level 3:
 The Gnomish Mines: levels 3 to 4
    Level 3:
    Level 4: <- You were here.
       Final resting place for
          you, killed by a boulder.


Vanquished creatures:
  a bugbear
  a pony
  2 shriekers
  5 gnome leaders
  4 dwarves
  a kobold leader
  2 rothes
  4 coyotes
  a hobbit
  a large kobold
  a hobgoblin
  a green mold
 19 gnomes
  a gecko
  2 jackals
  a fox
  2 kobolds
  2 goblins
  a grid bug
  2 lichens
  a kobold zombie
  5 newts
60 creatures vanquished.

No species were genocided or became extinct.

Game over:
                       ----------
                      /          \
                     /    REST    \
                    /      IN      \
                   /     PEACE      \
                  /                  \
                  |    IanCurtis     |
                  |      35 Au       |
                  |   killed by a    |
                  |     boulder      |
                  |                  |
                  |                  |
                  |       2026       |
                 *|     *  *  *      | *
        _________)/\\_//(\/(/\)/\//\/|_)_______

Goodbye IanCurtis the Wizard...

You died in The Gnomish Mines on dungeon level 4 with 1450 points,
and 35 pieces of gold, after 2288 moves.
You were level 5 with a maximum of 27 hit points when you died.

